 Dungeon Crawl Stone Soup version 0.26-a0-597-gb535b0901c (webtiles) character file.

Game seed: 9972484310497793357

5593 kae the Grappler (level 10, -2/83 HPs)
             Began as a Demonspawn Abyssal Knight on Aug 27, 2020.
             Was an Elder of Lugonu.
             Slain by a two-headed ogre
             ... wielding a +0 giant club
              (18 damage)
             ... on level 10 of the Dungeon.
             The game lasted 00:08:42 (11920 turns).

kae the Grappler (Demonspawn Abyssal Knight)       Turns: 11920, Time: 00:08:43

Health: -2/83      AC: 11    Str: 16    XL:     10   Next: 45%
Magic:  19/20      EV:  6    Int: 16    God:    Lugonu [****..]
Gold:   743        SH:  0    Dex: 12    Spells: 9/9 levels left

rFire    . . .     SeeInvis .   a - +4 mace (flame)
rCold    . . .     Faith    .   (no shield)
rNeg     . . .     Spirit   .   j - +1 chain mail
rPois    .         Reflect  .   (no helmet)
rElec    .         Harm     .   (no cloak)
rCorr    .                      D - +1 pair of gloves
MR       +....                  (no boots)
Stlth    ..........             E - amulet of regeneration
HPRegen  0.63/turn              i - ring of protection from magic
MPRegen  0.17/turn              k - ring of magical power

@: no status effects
A: claws 1, spiny 1, rot immunity, big brain 1
a: Depart the Abyss, Bend Space, Banish, Corrupt, Renounce Religion


You were on level 10 of the Dungeon.
You worshipped Lugonu.
Lugonu was greatly pleased with you.
You visited 1 branch of the dungeon, and saw 10 of its levels.
You visited the Abyss 1 time.
You also visited: Ossuary.

You collected 743 gold pieces.

Inventory:

Hand Weapons
 a - a +4 mace of flaming (weapon)
Armour
 j - a +1 chain mail (worn)
 D - a +1 pair of gloves (worn)
Jewellery
 i - a ring of protection from magic (left hand)
 k - a ring of magical power (right hand)
 E - an amulet of regeneration (around neck)
Wands
 e - a wand of paralysis (6)
 t - a wand of iceblast (5)
 u - a wand of flame (35)
 v - a wand of acid (16)
 C - a wand of digging (2)
Scrolls
 d - 10 scrolls of teleportation
 f - 3 scrolls of remove curse
 l - 3 scrolls of amnesia
 o - 2 scrolls of immolation
 s - 2 scrolls of identify
 w - a scroll of fear
 x - a scroll of holy word
 y - a scroll of summoning
 B - a scroll of enchant armour
 G - 2 scrolls of fog {unknown}
Potions
 b - 2 potions of flight
 c - a potion of haste
 g - a potion of ambrosia
 h - 5 potions of brilliance
 m - 2 potions of lignification
 n - 4 potions of mutation
 p - a potion of curing
 q - 2 potions of berserk rage
 r - 3 potions of stabbing
 z - a potion of invisibility
 A - 2 potions of magic
 F - 2 potions of cancellation


   Skills:
 + Level 9.6 Fighting
 - Level 2.4 Maces & Flails
 - Level 1.7 Armour
 - Level 0.8 Dodging
 * Level 11.4 Unarmed Combat
 - Level 2.4 Invocations


You had 9 spell levels left.
You didn't know any spells.
Your spell library contained the following spells:

 Spells                   Type           Power        Failure   Level
 Magic Dart               Conj           #...         99%         1
 Searing Ray              Conj           #.....       100%        2
 Dazzling Flash           Conj/Hex       #.....       100%        3
 Fulminant Prism          Conj/Hex       #.........   100%        4
 Iskenderun's Mystic Bla  Conj/Tloc      #.......     100%        4


Dungeon Overview and Level Annotations

Branches:
Dungeon (10/15)            Temple (0/1) D:5         Ossuary (visited)
   Lair: D:8-11         Orc: D:9-12

Altars:
Cheibriados
Elyvilon
Hepliaklqana
Kikubaaqudgha
Makhleb
Okawaru
Ru
Trog
Uskayaw
Wu Jian
Yredelemnul
Zin
The Shining One

Shops:
D:4 }   D:5 [   D:8 :

Annotations:
D:2 1 runed translucent door, Crazy Yiuf


Innate Abilities, Weirdness & Mutations

You have sharp fingernails.
You are partially covered in sharp spines.
You are immune to rotting.
You have an unusually large brain. (Int +2)


Message History

The iceblast engulfs the two-headed ogre!
The two-headed ogre is almost dead.
The iceblast engulfs the orc wizard!
You kill the orc wizard!
Lugonu accepts your kill.
You hear a loud, deep croak!
Evoke which item? (* to show all) (? for menu, Esc to quit)
Aiming: Iceblast
Press: ? - help, Shift-Dir - straight line, f/p - two-headed ogre
Aim: a two-headed ogre, wielding two +0 giant clubs (almost dead)
The mass of ice explodes!
The iceblast engulfs the two-headed ogre.
The two-headed ogre is almost dead.
You hear a loud, deep croak!
You hit the two-headed ogre. You burn the two-headed ogre.
The two-headed ogre is almost dead.
The two-headed ogre is struck by your spines.
The two-headed ogre barely misses you.
The two-headed ogre hits you with a +0 giant club!!
You die...

#############
########............
..........##########
########..## #.....##
#.########......#
........##......#####
.......@####..#.....#
........O.....#.....# #
....................# #
.........)..........####
......###..#.##.....##<.
#...............###.....
#...#........##.###.....
#...#.#.#..#.##.##......
#.#....##.##......


You could see a two-headed ogre.

Vanquished Creatures
  A centaur warrior (D:9)
  A hippogriff (D:8)
  4 yaks (D:9)
  A wyvern (D:8)
  A water moccasin (D:8)
  2 sky beasts
  A black bear (D:6)
  8 ice beasts
  3 phantoms
  A necrophage (D:5)
  2 ogres
  A centaur (D:10)
  6 bullfrogs
  5 water moccasin zombies (Ossuary)
  2 scorpions
  6 killer bees
  4 bullfrog zombies
  6 hounds
  2 centaur skeletons
  3 jellies
  3 orc priests
  3 iguanas
  3 orc wizards
  8 worker ants
  2 big kobold zombies (Ossuary)
  A hound skeleton (D:7)
  2 mummies (Ossuary)
  A worker ant zombie (D:3)
  7 gnolls
  13 adders
  A howler monkey skeleton (D:8)
  A shadow imp (D:9)
  An ufetubus (D:8)
  An ooze (D:2)
  5 adder zombies
  3 adder skeletons
  A worm (D:2)
  4 dart slugs
  3 leopard geckos
  29 orcs
  8 bats
  4 giant cockroaches
  A gnoll zombie (Ossuary)
  8 goblins
  10 hobgoblins
  4 jackals (D:3)
  3 quokkas
  A ball python (D:7)
  3 frilled lizards
  A giant cockroach zombie (D:3)
  2 hobgoblin zombies (Ossuary)
  A jackal skeleton (D:3)
  A jackal zombie (D:3)
  8 kobolds
  3 kobold zombies (Ossuary)
  A leopard gecko skeleton (D:6)
  4 orc zombies (Ossuary)
  A quokka skeleton (D:3)
  19 rats
235 creatures vanquished.

Vanquished Creatures (others)
  3 fungi (D:2)
  5 withered plants (D:3)
8 creatures vanquished.

Grand Total: 243 creatures vanquished

Notes
Turn   | Place    | Note
-------+----------+-------------------------------------------
     0 | Abyss:1  | kae the Demonspawn Abyssal Knight began the quest for the
                  | Orb.
     0 | Abyss:1  | Reached XP level 1. HP: 18/18 MP: 2/2
    81 | Abyss:1  | Noticed a ynoxinul
    82 | D:1      | Escaped the Abyss
   491 | D:1      | Gained mutation: You have sharp fingernails. [demonic
                  | ancestry]
   491 | D:1      | Reached XP level 2. HP: 24/24 MP: 3/3
   863 | D:1      | Reached * piety under Lugonu
   863 | D:1      | Reached skill level 1 in Unarmed Combat
  1088 | D:1      | Gained mutation: You are partially covered in sharp spines.
                  | [demonic ancestry]
  1088 | D:1      | Reached XP level 3. HP: 28/29 MP: 4/4
  1343 | D:2      | Found a hazy altar of Hepliaklqana.
  1406 | D:2      | Noticed a +0 hand axe
  1406 | D:2      | Noticed a +0 hand axe
  1408 | D:2      | Found a hide-covered altar of Uskayaw.
  1837 | D:2      | Reached skill level 2 in Unarmed Combat
  1887 | D:2      | Gained mutation: You have an unusually large brain. (Int
                  | +2) [demonic ancestry]
  1887 | D:2      | Reached XP level 4. HP: 34/37 MP: 5/5
  2033 | D:2      | Found a runed translucent door.
  2034 | D:2      | Noticed Crazy Yiuf
  2543 | D:3      | Reached skill level 3 in Unarmed Combat
  2552 | D:3      | Reached XP level 5. HP: 21/42 MP: 6/6
  2559 | D:3      | Reached ** piety under Lugonu
  2955 | D:3      | Found a snail-covered altar of Cheibriados.
  3539 | D:3      | Found an ornate altar of the Wu Jian Council.
  4053 | D:4      | Noticed an ogre
  4058 | D:4      | Reached skill level 4 in Unarmed Combat
  4058 | D:4      | Reached XP level 6. HP: 34/49 MP: 7/7
  4767 | D:4      | Noticed an ice beast
  4789 | D:4      | Killed an ice beast
  4789 | D:4      | Reached skill level 5 in Fighting
  4789 | D:4      | Reached skill level 5 in Unarmed Combat
  4792 | D:4      | Reached XP level 7. HP: 38/56 MP: 8/8
  5025 | D:4      | Found a burning altar of Makhleb.
  5103 | D:4      | Found Suhev's Gadget Boutique.
  5139 | D:4      | Reached skill level 6 in Unarmed Combat
  5289 | D:4      | Found a white marble altar of Elyvilon.
  5289 | D:4      | Found a glowing silver altar of Zin.
  5289 | D:4      | Found a glowing golden altar of the Shining One.
  5307 | D:5      | Entered Level 5 of the Dungeon
  5443 | D:5      | Reached *** piety under Lugonu
  5443 | D:5      | Gained mutation: You are immune to rotting. [demonic
                  | ancestry]
  5443 | D:5      | Reached XP level 8. HP: 43/63 MP: 9/9
  5546 | D:5      | Found a staircase to the Ecumenical Temple.
  5701 | D:5      | Found Niti's Armour Emporium.
  5877 | D:5      | Reached skill level 7 in Unarmed Combat
  5897 | D:5      | Found a basalt altar of Yredelemnul.
  6494 | D:5      | Found a sacrificial altar of Ru.
  6955 | D:6      | Reached skill level 8 in Unarmed Combat
  7125 | D:6      | Found an ancient bone altar of Kikubaaqudgha.
  7314 | D:7      | Found a sand-covered staircase.
  7320 | Ossuary  | Entered an ossuary
  7341 | Ossuary  | Reached **** piety under Lugonu
  7349 | Ossuary  | Reached XP level 9. HP: 39/71 MP: 10/10
  8134 | D:7      | Reached skill level 9 in Unarmed Combat
  8232 | D:7      | Found a bloodstained altar of Trog.
  8232 | D:7      | Found an iron altar of Okawaru.
  9890 | D:8      | Reached skill level 10 in Unarmed Combat
  9891 | D:8      | Found Xebboq's Book Shop.
 10530 | D:8      | Noticed a two-headed ogre
 10794 | D:8      | Reached XP level 10. HP: 80/82 MP: 11/11
 10994 | D:9      | Found a sacrificial altar of Ru.
 11148 | D:9      | Reached skill level 11 in Unarmed Combat
 11234 | D:9      | Noticed a centaur warrior
 11241 | D:9      | Killed a centaur warrior
 11754 | D:10     | Entered Level 10 of the Dungeon
 11907 | D:10     | Noticed a two-headed ogre
 11920 | D:10     | Slain by a two-headed ogre

Illustrated notes

Levels and vault maps discovered:
D:1:      scummos_arrival_hexagon, layout_loops_ring
D:2:      minmay_diamond_boxcup, layout_loops_cross, dancing_weapons_uskayaw,
          nicolae_overflow_crystal_walls, uniq_crazy_yiuf_cottage
D:3:      layout_loops_ring, cheibriados_altar_1, lemuel_round_altar,
          serial_undead, serial_undead_b, serial_undead_d, serial_undead_d,
          serial_undead_a, minmay_unequal
D:4:      layout_rooms, good_gods_mini_temple, makhleb_heckhound_becter,
          serial_shops, nicolae_shop_crystal, corexii_item_surrounded_by_moat
D:5:      layout_rooms, lemuel_round_altar, minmay_temple_entry_wispy,
          serial_shops, nicolae_shop_waterfront,
          nicolae_ru_great_annihilating_truth
D:6:      layout_rooms, kennysheep_mini, dk_noncrumbling_3
D:7:      layout_cave_pools, grunt_temple_overflow_bloody_war,
          nicolae_ossuary_entry_ruins, wad_mini_maze
D:8:      layout_basic, serial_shops, shop
D:9:      layout_roguey, kennysheep_little_box
D:10:     cheibrodos_barr_body, layout_basic, erik_lair_orcish_takeover,
          enter_bailey_2

Skill      XL: |  1  2  3  4  5  6  7  8  9 10 |
---------------+-------------------------------+-----
Maces & Flails | 2 |  2.4
Unarmed Combat | 1 2 3 4 5 6 8 10 11 | 11.4
Fighting       | 4 5 6 7 8 9 |  9.6
Armour         | |  1.7
Dodging        | |  0.8
Invocations    | |  2.4

Action                   |  1- 3 |  4- 6 |  7- 9 | 10-12 || total
-------------------------+-------+-------+-------+-------++-------
Melee: Mace              |   101 |   174 |   332 |    73 ||   680
       Punch             |     1 |     2 |    13 |     3 ||    19
Invok: Depart the Abyss  |     1 |       |       |       ||     1
       Bend Space        |       |       |     3 |     3 ||     6
Evoke: Wand              |       |       |       |     2 ||     2
  Use: Scroll            |       |    11 |    17 |     3 ||    31
       Potion            |       |     2 |     1 |     1 ||     4
 Stab: Paralysed         |       |       |     1 |       ||     1
Armor: Leather armour    |    27 |       |       |       ||    27
       Chain mail        |    12 |   102 |   212 |    30 ||   356
Dodge: Dodged            |    65 |    54 |   113 |    24 ||   256

Table legend: (Time is in decaauts)
 A = Elapsed time spent in this place.
 B = Non-inter-level travel time spent in this place.
 C = Inter-level travel time spent in this place.
 D = Time resting spent in this place.
 E = Time spent auto-exploring this place.
 F = Levels seen in this place.
 G = Mean time per level.
                   A        B        C        D        E       F      G
               +--------+--------+--------+--------+--------+-----+--------+
         Total |  12115 |  11632 |    483 |   3138 |   6637 |  12 | 1009.6 |
       Dungeon |  11230 |  10747 |    483 |   2536 |   6537 |  10 | 1123.0 |
         Abyss |     82 |     82 |      0 |      0 |     81 |   1 |   82.0 |
       Ossuary |    802 |    802 |      0 |    602 |     19 |   1 |  802.0 |
               +--------+--------+--------+--------+--------+-----+--------+

Top non-repeatable levels by time:
     D:2: 1574 daAuts
     D:7: 1509 daAuts
     D:3: 1290 daAuts
     D:5: 1268 daAuts
     D:1: 1253 daAuts
     D:4: 1194 daAuts
     D:6: 1069 daAuts
     D:8: 984 daAuts
     D:9: 916 daAuts
 Ossuary: 802 daAuts
    D:10: 168 daAuts
 Abyss:1: 82 daAuts
